 Dungeon Crawl Stone Soup version 0.28-a0-32-g8dfe7f97f6 (webtiles) character file.

Game seed: 11912565264500029880

6087 avis the Martial Artist (level 10, -2/81 HPs)
             Began as an Octopode Transmuter on July 27, 2021.
             Was an Initiate of Gozag.
             Succumbed to a wolf spider's poison
             ... on level 9 of the Dungeon on July 28, 2021.
             The game lasted 01:04:36 (14217 turns).

avis the Martial Artist (Octopode Transmuter)      Turns: 14217, Time: 01:04:37

Health: -2/81      AC:  6    Str: 12    XL:     10   Next: 88%
Magic:  16/16      EV: 12    Int: 15    God:    Gozag
Gold:   794        SH:  0    Dex: 14    Spells: 9/17 levels left

rFire   x . .      SeeInvis .     - Unarmed
rCold   + + +      Faith    .   (shield currently unavailable)
rNeg    . . .      Spirit   .   (helmet currently unavailable)
rPois   +          Reflect  .   (no amulet)
rElec   .          Harm     .   y - ring of Intercession {Will+ Stlth+}
rCorr   .          Rampage  .   (no ring)
Will    +....                   (no ring)
Stlth   ++........              (no ring)
HPRegen 0.23/turn               (no ring)
MPRegen 0.15/turn               (no ring)
                                (no ring)
                                (no ring)

@: confused, lethally poisoned (-2 -> -37), ice-form, ambrosia-drunk
A: freezing attack, boosted hp, almost no armour, amphibious, 8 rings, large,
(camouflage 1), (gelatinous body 1), (nimble swimmer 1), (tentacles)
a: End Transformation, Renounce Religion, Potion Petition, Call Merchant, Bribe
Branch


You were on level 9 of the Dungeon.
You worshipped Gozag.
Gozag was pleased with you.
You were a creature of crystalline ice.
You visited 3 branches of the dungeon, and saw 12 of its levels.

You collected 873 gold pieces.
You paid 79 gold pieces to Gozag.

Inventory:

Hand Weapons
 a - the +11 dagger of Darros (melded) {vorpal, +Blink rPois Stlth+}
   (You found it on level 9 of the Dungeon)

   It inflicts extra damage upon your enemies.
   rPois:     It protects you from poison.
   +Blink:    It lets you blink.
   Stlth:     It makes you more stealthy.
 b - a +1 hunting sling of flaming
 D - a +2 flail of protection
 K - the +6 falchion "Xaobb" {holy, rC- rCorr Int+4 Stlth+}
   (You found it on level 8 of the Dungeon)

   It has been blessed by the Shining One to cause great damage to the undead
   and demons.
   Int:       It affects your intelligence (+4).
   rC:        It makes you vulnerable to cold.
   rCorr:     It protects you from acid and corrosion.
   Stlth:     It makes you more stealthy.
Missiles
 e - 269 stones
 m - 57 sling bullets
 p - 77 poisoned darts
 x - 19 boomerangs
 E - 112 arrows
Armour
 i - a +0 buckler
 H - a +0 buckler of protection (melded)
Jewellery
 y - the ring of Intercession (left front paw) {Will+ Stlth+}
   (You found it on level 5 of the Dungeon)

   [ring of willpower]

   Will:      It increases your willpower.
   Stlth:     It makes you more stealthy.
Wands
 A - a wand of charming (4)
 F - a wand of acid (8)
 L - a wand of iceblast (10)
Scrolls
 g - 2 scrolls of fog {unknown}
 j - a scroll of silence {unknown}
 k - 4 scrolls of teleportation {unknown}
 l - a scroll of amnesia {unknown}
 n - 6 scrolls of identify {unknown}
 o - a scroll of enchant weapon {unknown}
 t - 3 scrolls of immolation {unknown}
 u - 2 scrolls of holy word {unknown}
 v - a scroll of brand weapon {unknown}
 w - a scroll of vulnerability {unknown}
 z - a scroll of noise {unknown}
 C - a scroll of blinking {unknown}
 G - a scroll of magic mapping {unknown}
Potions
 c - a potion of berserk rage {unknown}
 d - 4 potions of might
 f - 3 potions of ambrosia
 h - 3 potions of curing {unknown}
 q - 2 potions of flight {unknown}
 r - 4 potions of haste
 s - 2 potions of attraction {unknown}
 B - a potion of degeneration {unknown}
 I - a potion of brilliance {unknown}
 J - a potion of invisibility {unknown}


   Skills:
 - Level 6.0 Fighting
 - Level 6.0 Dodging
 - Level 3.0 Stealth
 - Level 4.0 Shields
 * Level 10.8 Unarmed Combat
 - Level 4.0 Spellcasting
 - Level 5.0 Transmutations
 - Level 4.0 Ice Magic
 - Level 2.0 Poison Magic


You had 9 spell levels left.
You knew the following spells:

 Your Spells              Type           Power      Damage    Failure   Level
a - Beastly Appendage     Tmut           36%        N/A       2%          1
p - Spider Form           Tmut/Pois      6%         N/A       13%         3
q - Ice Form              Ice/Tmut       16%        N/A       28%         4

Your spell library contained the following spells:

 Spells                   Type           Power      Damage    Failure   Level
 Wereblood                Tmut           18%        N/A       3%          2
 Frozen Ramparts          Ice            30%        1d5       11%         3
 Animate Skeleton         Necr           6%         N/A       19%         1
 Pain                     Necr           12%        1d4       19%         1
 Slow                     Hex            3%         N/A       26%         2
 Confusing Touch          Hex            3%         N/A       47%         3
 Vampiric Draining        Necr           1%         2d6       47%         3
 Summon Ice Beast         Ice/Summ       9%         N/A       61%         4
 Yara's Violent Unravell  Hex/Tmut       5%         3d4       87%         5


Dungeon Overview and Level Annotations

Branches:
Dungeon (10/15)            Temple (1/1) D:6            Lair (1/6) D:9
    Orc: D:9-12

Altars:
Ashenzari
Cheibriados
Dithmenos
Elyvilon
Fedhas
Gozag
Hepliaklqana
Kikubaaqudgha
Makhleb
Nemelex Xobeh
Okawaru
Qazlal
Ru
Sif Muna
Trog
Uskayaw
Vehumet
Wu Jian
Xom
Yredelemnul
Zin
The Shining One

Annotations:
D:5 3 runed translucent doors, mhtbhm's ghost, novice MiFi


Innate Abilities, Weirdness & Mutations

You are a creature of crystalline ice.
You have a powerful freezing melee attack.
Your maximum health is increased.
Your armour is entirely melded.
You are incapable of wielding weapons or throwing items.
You cannot wear most types of armour.
You are amphibious.
You can wear up to eight rings at the same time.
((Your skin changes colour to match your surroundings (Stealth+).))
((Your rubbery body absorbs attacks. (AC +1, EV +1)))
((You are camouflaged near water. (Stealth+)))
((You have tentacles for arms and can constrict up to eight enemies at once.))


Message History

Your +0 buckler of protection melds into your body.
You feel less protected.
You climb downwards.
Welcome back to the Lair of Beasts!
The black mamba is no longer distracted by gold.
The black mamba bites you! The black mamba closely misses you.
A wolf spider comes into view.
The black mamba is distracted by your dazzling golden aura.
An adder comes into view.
There is a staircase back to the Dungeon here.
The adder hisses angrily.
The wolf spider is distracted by your dazzling golden aura.
You climb upwards.
Welcome back to the Dungeon!
There is a staircase to the Lair here.
You climb downwards.
Welcome back to the Lair of Beasts!
The wolf spider hisses angrily.
The wolf spider hits you! The wolf spider bites you.
You are poisoned.
The wolf spider poisons you!
The wolf spider hits you but does no damage.
The wolf spider bites you.
The black mamba hisses angrily.
There is a staircase back to the Dungeon here.
You feel extremely sick. The wolf spider hits you! The wolf spider bites you.
You are lethally poisoned!
The wolf spider poisons you!
You climb upwards.
Welcome back to the Dungeon!
* * * LOW HITPOINT WARNING * * *
You feel extremely sick.
There is a staircase to the Lair here.
It was a potion of ambrosia.
You are confused.
You feel invigorated.
* * * LOW HITPOINT WARNING * * *
You feel extremely sick. The wolf spider closely misses you.
The wolf spider barely misses you. The wolf spider misses you. x2
You bump into the rock wall.
You die...
Your body crumbles into a pile of gold.

########
#......#
#......#
#......# #
#....>.## #
#......Y# #
#.....s##
## #......#
####.
###.##.#
### #....
##.##.#
#.#####.###
#..##.#
#.##....#
#.###.#
#.##.####
##.# #.#
#.<#.#
###..#
#.###
##....# ###


You could see a wolf spider.

Vanquished Creatures
  2 two-headed ogres
  A cyclops (D:6)
  Maggie (D:8)
  A komodo dragon (Lair:1)
  A shadow (D:5)
  A basilisk (Lair:1)
  A steam dragon (D:9)
  A water moccasin (D:7)
  A black bear (D:6)
  2 orc warriors (D:8)
  An ice beast (D:8)
  2 ogres
  A sky beast (D:5)
  A necrophage (D:6)
  4 centaurs
  A kobold brigand (D:8)
  2 bullfrogs (D:7)
  3 scorpions
  A water moccasin skeleton (D:5)
  4 killer bees (D:7)
  12 wights
  3 howler monkeys
  2 centaur zombies
  2 orc priests
  3 hounds
  A centaur skeleton (D:7)
  6 iguanas
  4 orc wizards
  A killer bee zombie (D:6)
  Robin (D:3)
  A howler monkey skeleton (D:5)
  A howler monkey zombie (D:7)
  6 gnolls
  13 adders
  A shadow imp (D:5)
  An ufetubus (D:6)
  A worm (D:2)
  2 dart slugs
  26 orcs
  7 ball pythons
  3 bats
  6 endoplasms
  12 giant cockroaches
  12 goblins
  6 hobgoblins
  8 jackals
  8 kobolds
  3 quokkas
  2 frilled lizards
  4 rats
190 creatures vanquished.

Vanquished Creatures (others)
  7 fungi (Lair:1)
  23 plants
30 creatures vanquished.

Grand Total: 220 creatures vanquished

Notes
Turn   | Place    | Note
-------+----------+-------------------------------------------
     0 | D:1      | avis the Octopode Transmuter began the quest for the Orb.
     0 | D:1      | Reached XP level 1. HP: 13/13 MP: 3/3
   348 | D:1      | Reached XP level 2. HP: 19/19 MP: 3/5
   972 | D:1      | Reached XP level 3. HP: 22/24 MP: 4/6
  1081 | D:1      | Learned a level 3 spell: Spider Form
  1359 | D:1      | Found a faded altar of an unknown god.
  1393 | D:2      | Found an iron altar of Okawaru.
  1404 | D:2      | Reached skill level 1 in Poison Magic
  1997 | D:2      | Reached XP level 4. HP: 22/29 MP: 5/7
  3669 | D:3      | Reached skill level 4 in Unarmed Combat
  3779 | D:3      | Reached XP level 5. HP: 25/34 MP: 4/8
  4469 | D:3      | Reached skill level 5 in Unarmed Combat
  4506 | D:3      | Reached skill level 1 in Stealth
  4749 | D:3      | Learned a level 4 spell: Ice Form
  4781 | D:4      | Reached XP level 6. HP: 15/39 MP: 5/9
  5091 | D:4      | Noticed Robin
  5252 | D:3      | Killed Robin
  5514 | D:4      | Reached skill level 6 in Unarmed Combat
  5652 | D:4      | Identified the +0 robe of the Volcano {rF+}
  5700 | D:5      | Entered Level 5 of the Dungeon
  5910 | D:5      | Reached skill level 1 in Shields
  5910 | D:5      | Reached XP level 7. HP: 46/46 MP: 10/10
  6278 | D:5      | Noticed mhtbhm's ghost (novice MiFi)
  6904 | D:5      | Identified the ring of Intercession {Will+ Stlth+}
  7001 | D:5      | Reached skill level 7 in Unarmed Combat
  7001 | D:5      | Reached XP level 8. HP: 43/52 MP: 5/11
  7173 | D:5      | Noticed a shadow
  7190 | D:5      | Killed a shadow
  7495 | D:5      | Found a runed translucent gate.
  7495 | D:5      | Found a runed translucent gate.
  7495 | D:5      | Found a runed translucent gate.
  8224 | D:6      | Noticed a cyclops
  8239 | D:6      | Killed a cyclops
  8240 | D:6      | Reached skill level 5 in Dodging
  8240 | D:6      | Reached skill level 5 in Fighting
  8240 | D:6      | Reached XP level 9. HP: 36/61 MP: 5/12
  8427 | D:6      | Found a staircase to the Ecumenical Temple.
  8436 | Temple   | Entered the Ecumenical Temple
  8455 | Temple   | Became a worshipper of Gozag Ym Sagoz the Greedy
  8604 | D:6      | Reached skill level 8 in Unarmed Combat
  9054 | D:7      | Found a sparkling altar of Nemelex Xobeh.
  9421 | D:7      | Reached skill level 9 in Unarmed Combat
 10469 | D:7      | Upgraded the game from 0.28-a0-21-gf74fda84f9 to
                  | 0.28-a0-32-g8dfe7f97f6
 10641 | D:8      | Reached skill level 5 in Transmutations
 10663 | D:8      | Noticed Maggie
 10679 | D:8      | Killed Maggie
 11097 | D:8      | Reached XP level 10. HP: 50/66 MP: 10/14
 11284 | D:8      | Identified the +6 falchion "Xaobb" {holy, rC- rCorr Int+4
                  | Stlth+}
 11601 | D:8      | Found a bloodstained altar of Trog.
 12330 | D:9      | Noticed a two-headed ogre
 12359 | D:8      | Killed a two-headed ogre
 12360 | D:8      | Reached skill level 10 in Unarmed Combat
 12976 | D:9      | Found a snail-covered altar of Cheibriados.
 12977 | D:9      | Found a burning altar of Makhleb.
 12977 | D:9      | Noticed a two-headed ogre
 13016 | D:9      | HP: 2/68 [two-headed ogre (14)]
 13030 | D:9      | HP: 1/68 [centaur/arrow (4)]
 13638 | D:9      | Killed a two-headed ogre
 13733 | D:9      | Found a staircase to the Lair.
 13805 | D:9      | Identified the +11 dagger of Darros {vorpal, +Blink rPois
                  | Stlth+}
 13844 | D:10     | Entered Level 10 of the Dungeon
 13897 | Lair:1   | Entered Level 1 of the Lair of Beasts
 14200 | Lair:1   | Noticed a black mamba
 14205 | Lair:1   | Noticed a wolf spider
 14209 | Lair:1   | Noticed a wolf spider
 14216 | D:9      | HP: 2/81 [poisoned by a wolf spider]
 14217 | D:9      | Succumbed to a wolf spider's poison

Illustrated notes

Levels and vault maps discovered:
D:1:      saegor_arrival_simple_a, layout_basic, chequers_ecumenical_altar_lobes
D:2:      layout_rooms, basic_altar
D:3:      minmay_roachtagon, layout_loops_corners
D:4:      layout_gridville, grunt_decor_cap, uniq_robin
D:5:      layout_cave_pools, gammafunk_ghost_split, minmay_quadrilaterals
D:6:      layout_gridville, minmay_temple_entry_mist, serial_glass,
          glass_columns_c, glass_columns_a, glass_columns_a, glass_columns_a,
          glass_columns_a, glass_columns_b, glass_columns_c, glass_columns_b,
          glass_columns_b, glass_columns_b, glass_columns_a, glass_columns_a,
          glass_columns_b, glass_columns_b
D:7:      layout_gridville, mainiacjoe_overflow_chevrons,
          minmay_misc_feat_encased
D:8:      layout_loops_ring, nicolae_overflow_hidden_temple,
          serial_bayou_pond_d, uniq_maggie
D:9:      layout_rooms, chequers_temple_overflow_statue_of_worship,
          lair_entry_dummy
D:10:     layout_loops_ring, kennysheep_orc_monster_closet_entryway
Temple:   regret_index_temple_mists
Lair:1:   minmay_lair_venomous_thicket, layout_hall_layers, uniq_harold

Skill      XL: |  1  2  3  4  5  6  7  8  9 10 |
---------------+-------------------------------+-----
Fighting       | 2 3 5 6 |  6.0
Transmutations | 3 5 |  5.0
Poison Magic   | 2 |  2.0
Unarmed Combat | 4 5 6 7 9 10 | 10.8
Stealth        | 2 3 |  3.0
Shields        | 1 4 |  4.0
Dodging        | 5 6 |  6.0
Spellcasting   | 3 4 |  4.0
Ice Magic      | 3 4 |  4.0

Action                   |  1- 3 |  4- 6 |  7- 9 | 10-12 || total
-------------------------+-------+-------+-------+-------++-------
Melee: Dagger            |    37 |       |       |     6 ||    43
       Constrict         |    15 |    11 |     3 |     6 ||    35
       Unarmed           |    22 |   106 |   239 |    66 ||   433
       Tentacles         |    12 |     7 |     4 |    14 ||    37
       Kick              |    10 |    11 |     6 |     6 ||    33
       Short sword       |    24 |    33 |    25 |       ||    82
       Punch             |     1 |     1 |     1 |     3 ||     6
       Falchion          |       |       |       |    24 ||    24
 Fire: Hunting sling     |       |     7 |    24 |    17 ||    48
 Cast: Beastly Appendage |    20 |    17 |     3 |    10 ||    50
       Spider Form       |     5 |    30 |    45 |    13 ||    93
       Ice Form          |       |       |       |     2 ||     2
 Abil: End Transformatio |       |       |       |     1 ||     1
  Use: Potion            |       |       |       |     1 ||     1
 Stab: Distracted        |     1 |       |       |     1 ||     2
       Sleeping          |     2 |     2 |     7 |     5 ||    16
Armor: Skin              |     8 |     6 |    14 |     8 ||    36
Dodge: Dodged            |    48 |   116 |   193 |    87 ||   444
Block: Buckler           |       |       |     5 |     4 ||     9
       Rpst.: Falchion   |       |       |       |     4 ||     4

Table legend: (Time is in decaauts)
 A = Elapsed time spent in this place.
 B = Non-inter-level travel time spent in this place.
 C = Inter-level travel time spent in this place.
 D = Time resting spent in this place.
 E = Time spent auto-exploring this place.
 F = Levels seen in this place.
 G = Mean time per level.
                   A        B        C        D        E       F      G
               +--------+--------+--------+--------+--------+-----+--------+
         Total |  14208 |  13464 |    744 |   6586 |   3524 |  12 | 1184.0 |
       Dungeon |  13989 |  13267 |    722 |   6566 |   3421 |  10 | 1398.9 |
        Temple |    171 |    149 |     22 |     20 |    103 |   1 |  171.0 |
          Lair |     47 |     47 |      0 |      0 |      0 |   1 |   47.0 |
               +--------+--------+--------+--------+--------+-----+--------+

Top non-repeatable levels by time:
     D:1: 2700 daAuts
     D:8: 2127 daAuts
     D:5: 1869 daAuts
     D:3: 1852 daAuts
     D:7: 1644 daAuts
     D:9: 1313 daAuts
     D:6: 1150 daAuts
     D:2: 764 daAuts
     D:4: 564 daAuts
  Temple: 171 daAuts
  Lair:1: 47 daAuts
    D:10: 1 daAuts
